NCAA
NEVADA LAS VEGAS REBELS @ ARIZONA STATE SUN DEVILS
02/23/2060
 
TOP OF THE 1ST
Nevada Las Vegas Rebels batting - Pitching for Arizona State Sun Devils : LHP Spencer Maldonado
Pitching: LHP Spencer Maldonado
Batting: LHB Stuart Jugo 0-0: Ball
1-0: Ball
2-0: Ball
3-0: Called Strike
3-1: Called Strike
3-2: Strikes out swinging
Batting: LHB Earl Salazar 0-0: Swinging Strike
0-1: Ball
1-1: Ball
2-1: Swinging Strike
2-2: SINGLE (Line Drive, 78M, EV 88.1 MPH)
Batting: RHB Luke Fridell 0-0: Called Strike
0-1: Ball
1-1: Ball
2-1: Reached on error, E1 (Groundball, 34S, EV 75.6 MPH)
Earl Salazar to second
Batting: LHB Evan Olsen 0-0: Foul Ball, location: 2F
0-1: Foul Ball, location: 2F
0-2: Ball
1-2: Ball
2-2: Ball
3-2: Fly out, F7 (Flyball, 78S, EV 85.6 MPH)
Batting: RHB Sean Leonard 0-0: SINGLE (Line Drive, 4MD, EV 94.4 MPH)
Earl Salazar to third
Luke Fridell to second
Batting: LHB Joey Mastrostefano 0-0: Fly out, F6 (Popup, 6MS, EV 72.5 MPH)
Top of the 1st over - 0 runs, 2 hits, 1 error, 3 left on base; Nevada Las Vegas 0 - Arizona State 0
BOTTOM OF THE 1ST
Arizona State Sun Devils batting - Pitching for Nevada Las Vegas Rebels : LHP Kyle Rossignol
Pitching: LHP Kyle Rossignol
Batting: RHB Brian Reser 0-0: Called Strike
0-1: Foul Ball, location: 2F
0-2: Ball
1-2: Ball
2-2: Ground out 1-4-3 (Groundball, 15S, EV 102.5 MPH)
Batting: RHB Tony Walker 0-0: Ball
1-0: Fly out, F8 (Flyball, 8LM, EV 86.2 MPH)
Batting: RHB Paul Johnson 0-0: Ball
1-0: Swinging Strike
1-1: Ball
2-1: SINGLE (Line Drive, 4MD, EV 100.0 MPH)
Batting: RHB Shawn Michaels 0-0: Ball
1-0: Fly out, F7 (Flyball, 7, EV 86.2 MPH)
Bottom of the 1st over - 0 runs, 1 hit, 0 errors, 1 left on base; Nevada Las Vegas 0 - Arizona State 0
TOP OF THE 2ND
Nevada Las Vegas Rebels batting - Pitching for Arizona State Sun Devils : LHP Spencer Maldonado
Batting: RHB Wes Keel 0-0: Ball
1-0: Swinging Strike
1-1: Called Strike
1-2: Foul Ball, location: 2F
1-2: Ball
2-2: Foul Ball, location: 2F
2-2: Strikes out swinging
Batting: RHB Cash Quinlan 0-0: Called Strike
0-1: Ball
1-1: Fly out, F9 (Flyball, 9LM, EV 87.5 MPH)
Batting: LHB Kane Drennen 0-0: Ball
1-0: Ball
2-0: Called Strike
2-1: Foul Ball, location: 2F
2-2: Strikes out swinging
Top of the 2nd over - 0 runs, 0 hits, 0 errors, 0 left on base; Nevada Las Vegas 0 - Arizona State 0
BOTTOM OF THE 2ND
Arizona State Sun Devils batting - Pitching for Nevada Las Vegas Rebels : LHP Kyle Rossignol
Batting: RHB DaVaris Sandalls 0-0: Ball
1-0: Ball
2-0: Called Strike
2-1: Called Strike
2-2: Strikes out looking
Batting: RHB Cole Lucas 0-0: Called Strike
0-1: Ground out 5-3 (Groundball, 5S, EV 88.8 MPH)
Batting: RHB Brian Yensen 0-0: Ball
1-0: Fly out, F8 (Flyball, 8RM, EV 96.2 MPH)
Bottom of the 2nd over - 0 runs, 0 hits, 0 errors, 0 left on base; Nevada Las Vegas 0 - Arizona State 0
TOP OF THE 3RD
Nevada Las Vegas Rebels batting - Pitching for Arizona State Sun Devils : LHP Spencer Maldonado
Batting: LHB Stuart Jugo 0-0: Ball
1-0: Called Strike
1-1: Foul Ball, location: 2F
1-2: Ball
2-2: Ball
3-2: Foul Ball, location: 2F
3-2: Foul Ball, location: 2F
3-2: Strikes out swinging
Batting: LHB Earl Salazar 0-0: Called Strike
0-1: Foul Ball, location: 2F
0-2: Ball
1-2: Strikes out swinging
Batting: RHB Luke Fridell 0-0: Ball
1-0: Ball
2-0: Ball
3-0: Called Strike
3-1: Foul Ball, location: 2F
3-2: Strikes out swinging
Top of the 3rd over - 0 runs, 0 hits, 0 errors, 0 left on base; Nevada Las Vegas 0 - Arizona State 0
BOTTOM OF THE 3RD
Arizona State Sun Devils batting - Pitching for Nevada Las Vegas Rebels : LHP Kyle Rossignol
Batting: RHB Vince Beach 0-0: Foul Ball, location: 2F
0-1: Ball
1-1: Ball
2-1: Swinging Strike
2-2: Fly out, F4 (Popup, 4MD, EV 68.1 MPH)
Batting: LHB Dallas Mayer 0-0: Fly out, F9 (Flyball, 9D, EV 73.8 MPH)
Batting: RHB Brian Reser 0-0: Ground out 6-3 (Groundball, 6, EV 94.4 MPH)
Bottom of the 3rd over - 0 runs, 0 hits, 0 errors, 0 left on base; Nevada Las Vegas 0 - Arizona State 0
TOP OF THE 4TH
Nevada Las Vegas Rebels batting - Pitching for Arizona State Sun Devils : LHP Spencer Maldonado
Batting: LHB Evan Olsen 0-0: Ball
1-0: Called Strike
1-1: Ball
2-1: Fly out, F8 (Flyball, 8LD, EV 86.2 MPH)
Batting: RHB Sean Leonard 0-0: SINGLE (Line Drive, 4M, EV 97.5 MPH)
Batting: LHB Joey Mastrostefano 0-0: Ball
1-0: Ball
2-0: Foul Ball, location: 2F
2-1: Called Strike
2-2: Fly out, F8 (Flyball, 78S, EV 78.1 MPH)
Batting: RHB Wes Keel 0-0: Called Strike
0-1: Ball
1-1: Ball
2-1: Ball
3-1: Fly out, F8 (Flyball, 8RD, EV 75.6 MPH)
Top of the 4th over - 0 runs, 1 hit, 0 errors, 1 left on base; Nevada Las Vegas 0 - Arizona State 0
BOTTOM OF THE 4TH
Arizona State Sun Devils batting - Pitching for Nevada Las Vegas Rebels : LHP Kyle Rossignol
Batting: RHB Tony Walker 0-0: Ball
1-0: SINGLE (Flyball, 7LS, EV 97.5 MPH)
Batting: RHB Paul Johnson 0-0: Ball
1-0: Called Strike
1-1: Ball
2-1: Called Strike
Tony Walker steals 2nd base (no throw)
2-2: Fly out, F8 (Flyball, 89M, EV 95.0 MPH)
Batting: RHB Shawn Michaels 0-0: Intentional Walk
Batting: RHB DaVaris Sandalls 0-0: Called Strike
0-1: Ball
1-1: Ground out 6-3 (Groundball, 6MD, EV 105.6 MPH)
Tony Walker to third
Shawn Michaels to second
Batting: RHB Cole Lucas 0-0: Ball
1-0: Swinging Strike
1-1: Ball
2-1: Foul Ball, location: 2F
2-2: Ball
3-2: Foul Ball, location: 2F
3-2: Foul Ball, location: 2F
3-2: Foul Ball, location: 2F
3-2: Foul Ball, location: 2F
3-2: Strikes out swinging
Bottom of the 4th over - 0 runs, 1 hit, 0 errors, 2 left on base; Nevada Las Vegas 0 - Arizona State 0
TOP OF THE 5TH
Nevada Las Vegas Rebels batting - Pitching for Arizona State Sun Devils : LHP Spencer Maldonado
Batting: RHB Cash Quinlan 0-0: Fly out, F8 (Flyball, 8LM, EV 90.6 MPH)
Batting: LHB Kane Drennen 0-0: Called Strike
0-1: Foul Ball, location: 2F
0-2: Ball
1-2: Fly out, F9 (Flyball, 9, EV 84.4 MPH)
Batting: LHB Stuart Jugo 0-0: Ball
1-0: Called Strike
1-1: Foul Ball, location: 2F
1-2: Ball
2-2: Foul Ball, location: 2F
2-2: Ball
3-2: Foul Ball, location: 2F
3-2: Fly out, F9 (Flyball, 89S, EV 81.9 MPH)
Top of the 5th over - 0 runs, 0 hits, 0 errors, 0 left on base; Nevada Las Vegas 0 - Arizona State 0
BOTTOM OF THE 5TH
Arizona State Sun Devils batting - Pitching for Nevada Las Vegas Rebels : LHP Kyle Rossignol
Batting: RHB Brian Yensen 0-0: Called Strike
0-1: Ball
1-1: Foul Ball, location: 2F
1-2: Strikes out swinging
Batting: RHB Vince Beach 0-0: Foul Ball, location: 2F
0-1: Foul Ball, location: 2F
0-2: Ball
1-2: Foul Ball, location: 2F
1-2: Ball
2-2: Strikes out swinging
Batting: LHB Dallas Mayer 0-0: Ball
1-0: Fly out, F8 (Flyball, 8RM, EV 83.1 MPH)
Bottom of the 5th over - 0 runs, 0 hits, 0 errors, 0 left on base; Nevada Las Vegas 0 - Arizona State 0
TOP OF THE 6TH
Nevada Las Vegas Rebels batting - Pitching for Arizona State Sun Devils : LHP Spencer Maldonado
Pitching: RHP Randell Myles
Batting: LHB Earl Salazar 0-0: Foul Ball, location: 2F
0-1: Foul Ball, location: 2F
0-2: Foul Ball, location: 2F
0-2: Ball
1-2: Fly out, F8 (Line Drive, 8RM, EV 89.4 MPH)
Batting: RHB Luke Fridell 0-0: Ball
1-0: Called Strike
1-1: Fly out, F9 (Line Drive, 9, EV 83.1 MPH)
Batting: LHB Evan Olsen 0-0: Called Strike
0-1: Swinging Strike
0-2: Foul Ball, location: 2F
0-2: Ball
1-2: Ball
2-2: Strikes out swinging
Top of the 6th over - 0 runs, 0 hits, 0 errors, 0 left on base; Nevada Las Vegas 0 - Arizona State 0
BOTTOM OF THE 6TH
Arizona State Sun Devils batting - Pitching for Nevada Las Vegas Rebels : LHP Kyle Rossignol
Batting: RHB Brian Reser 0-0: Ball
1-0: Ball
2-0: Ground out U3 (Groundball, 34, EV 96.2 MPH)
Batting: RHB Tony Walker 0-0: Ball
1-0: Swinging Strike
1-1: Ground out 6-3 (Groundball, 6M, EV 91.9 MPH)
Batting: RHB Paul Johnson 0-0: Foul Ball, location: 2F
0-1: Ball
1-1: Fly out, F9 (Flyball, 9, EV 88.8 MPH)
Bottom of the 6th over - 0 runs, 0 hits, 0 errors, 0 left on base; Nevada Las Vegas 0 - Arizona State 0
TOP OF THE 7TH
Nevada Las Vegas Rebels batting - Pitching for Arizona State Sun Devils : RHP Randell Myles
Batting: RHB Sean Leonard 0-0: Ball
1-0: SINGLE (Groundball, 4MS, EV 69.4 MPH) (infield hit)
Batting: LHB Joey Mastrostefano 0-0: Ball
1-0: Sac Bunt to 5S - play at first, batter OUT! 5-3
Sean Leonard to second
Batting: RHB Wes Keel 0-0: Intentional Walk
Batting: RHB Cash Quinlan 0-0: Ball
1-0: SINGLE (Groundball, 56D, EV 100.6 MPH)
Sean Leonard to third
Wes Keel to second
Runner from 3rd tries for Home, SAFE, throw by LF to home
Batting: LHB Kane Drennen 0-0: Ball
1-0: Fly out, F8 (Flyball, 8LD, EV 88.8 MPH)
Runner from 2nd tags up, SAFE at 3rd with throw by CF
Batting: LHB Stuart Jugo 0-0: Ball
1-0: Ball
2-0: Foul Ball, location: 2F
2-1: Foul Ball, location: 2F
2-2: Ball
3-2: Foul Ball, location: 2F
3-2: Ground out U3 (Groundball, 3, EV 87.5 MPH)
Top of the 7th over - 1 run, 2 hits, 0 errors, 2 left on base; Nevada Las Vegas 1 - Arizona State 0
BOTTOM OF THE 7TH
Arizona State Sun Devils batting - Pitching for Nevada Las Vegas Rebels : LHP Kyle Rossignol
Batting: RHB Shawn Michaels 0-0: Called Strike
0-1: Foul Ball, location: 2F
0-2: Foul Ball, location: 2F
0-2: Strikes out swinging
Batting: RHB DaVaris Sandalls 0-0: Ball
1-0: Fly out, F7 (Flyball, 78S, EV 86.9 MPH)
Batting: RHB Cole Lucas 0-0: Ball
1-0: Ball
2-0: Ball
3-0: Base on Balls
Batting: RHB Brian Yensen 0-0: Called Strike
0-1: Fly out, F7 (Flyball, 7, EV 83.1 MPH)
Bottom of the 7th over - 0 runs, 0 hits, 0 errors, 1 left on base; Nevada Las Vegas 1 - Arizona State 0
TOP OF THE 8TH
Nevada Las Vegas Rebels batting - Pitching for Arizona State Sun Devils : RHP Randell Myles
Batting: LHB Earl Salazar 0-0: Called Strike
0-1: Ball
1-1: Ball
2-1: Ground out 4-3 (Groundball, 4, EV 101.9 MPH)
Batting: RHB Luke Fridell 0-0: Ball
1-0: Foul Ball, location: 2F
1-1: Swinging Strike
1-2: Strikes out looking
Batting: LHB Evan Olsen 0-0: Ball
1-0: Fly out, F7 (Flyball, 7S, EV 87.5 MPH)
Top of the 8th over - 0 runs, 0 hits, 0 errors, 0 left on base; Nevada Las Vegas 1 - Arizona State 0
BOTTOM OF THE 8TH
Arizona State Sun Devils batting - Pitching for Nevada Las Vegas Rebels : LHP Kyle Rossignol
Batting: RHB Vince Beach 0-0: Swinging Strike
0-1: Ball
1-1: Ball
2-1: DOUBLE (Line Drive, 89XD, EV 111.2 MPH)
Pitching: RHP Chance Koegler
Batting: LHB Dallas Mayer 0-0: Called Strike
0-1: Ball
1-1: Foul Ball, location: 2F
1-2: Foul Ball, location: 2F
1-2: Ball
2-2: Strikes out swinging
Batting: RHB Brian Reser 0-0: Called Strike
0-1: Ball
1-1: Foul Ball, location: 2F
1-2: Ball
2-2: Ball
3-2: Strikes out swinging
Pinch Hitting: RHB Joey Bryan 0-0: Ball
1-0: Ground out 5-3 (Groundball, 56, EV 91.9 MPH)
Bottom of the 8th over - 0 runs, 1 hit, 0 errors, 1 left on base; Nevada Las Vegas 1 - Arizona State 0
TOP OF THE 9TH
Nevada Las Vegas Rebels batting - Pitching for Arizona State Sun Devils : RHP Randell Myles
Now in LF: Quinton Eickenhorst
Batting: RHB Sean Leonard 0-0: Ball
1-0: Ball
2-0: Fly out, F9 (Flyball, 89S, EV 86.9 MPH)
Batting: LHB Joey Mastrostefano 0-0: Ball
1-0: Fly out, F8 (Flyball, 8LD, EV 100.0 MPH)
Batting: RHB Wes Keel 0-0: Ball
1-0: Ground out 6-3 (Groundball, 56, EV 107.5 MPH)
Top of the 9th over - 0 runs, 0 hits, 0 errors, 0 left on base; Nevada Las Vegas 1 - Arizona State 0
BOTTOM OF THE 9TH
Arizona State Sun Devils batting - Pitching for Nevada Las Vegas Rebels : RHP Chance Koegler
Batting: RHB Paul Johnson 0-0: Ball
1-0: Swinging Strike
1-1: Foul Ball, location: 2F
1-2: Strikes out swinging
Batting: RHB Shawn Michaels 0-0: Called Strike
0-1: Ball
1-1: Foul Ball, location: 2F
1-2: Ball
2-2: Foul Ball, location: 2F
2-2: SINGLE (Line Drive, 7S, EV 103.8 MPH)
Batting: RHB DaVaris Sandalls 0-0: Fielders Choice at 2nd, 1-6 (Groundball, 34S, EV 65.6 MPH)
Batting: RHB Cole Lucas 0-0: Called Strike
0-1: Called Strike
0-2: Strikes out swinging
Bottom of the 9th over - 0 runs, 1 hit, 0 errors, 1 left on base; Nevada Las Vegas 1 - Arizona State 0
Tuesday, April 16th , 2024 - OOTP Baseball 23.10 Build 110